 Dungeon Crawl Stone Soup version 0.31-a0-1-g4198be8af4 (webtiles) character file.

Game seed: 10847477449079949739

132207 jasper the Stormcaller (level 16, -1/128 HPs)
             Began as a Demonspawn Air Elementalist on May 1, 2023.
             Was the Champion of Vehumet.
             Killed by mirror damage (22 damage)
             ... on level 15 of the Dungeon.
             The game lasted 00:53:46 (29962 turns).

jasper the Stormcaller (DsAE)                      Turns: 29962, Time: 00:53:47

Health: -1/128     AC: 12    Str:  8    XL:     16   Next: 57%
Magic:  0/30       EV: 19    Int: 40    God:    Vehumet [******]
Gold:   2891       SH:  6    Dex: 13    Spells: 6/35 levels left

rFire   . . .        H - staff of air "Woaciptian" {rElec rPois Stlth+}
rCold   . . .        q - +1 buckler {AC+3}
rNeg    . . .        N - +1 robe {Will+}
rPois   +            h - +0 helmet
rElec   +            Y - +0 cloak
rCorr   .            (no gloves)
SInv    .            F - +2 pair of slick slippers {slick, slippery, EV+4}
Will    +++..        I - amulet of magic regeneration
Stlth   +++          v - +6 ring of intelligence
HPRegen 0.41/turn    S - +6 ring of intelligence
MPRegen 0.84/turn

%: clarity, guardian spirit
@: very slightly contaminated
A: rugged brown scales 2, spiny 3, torment resistance 1, magic shield, magic
regeneration, demonic willpower, demonic touch 2, clarity, clever 1
a: Renounce Religion


You were on level 15 of the Dungeon.
You worshipped Vehumet.
Vehumet was exalted by your worship.
You visited 4 branches of the dungeon, and saw 23 of its levels.
You also visited: Bailey and Volcano.

You collected 3100 gold pieces.
You spent 209 gold pieces at shops.

Inventory:

Missiles
 a - 4 curare-tipped darts
 f - 6 throwing nets
 x - 5 datura-tipped darts
Armour
 h - a +0 helmet (worn)
 q - a +1 buckler of protection (worn)
 F - the +2 pair of slick slippers (worn) {slick, slippery, EV+4}
   (You found it in a volcano)

   Slick:     Its wearer cannot be constricted, engulfed, netted or webbed.
   Slippery:  Its wearer slips away from damaging melee attacks, pulling the
   attacker onward.
   EV:        It affects your evasion (+4).
 N - a +1 robe of willpower (worn)
 Y - a +0 cloak (worn)
Magical Staves
 H - the staff of air "Woaciptian" (weapon) {rElec rPois Stlth+}
   (You found it in a bailey)

   [staff of air]

   Base accuracy: +5 Base damage: 5 Base attack delay: 1.2 This weapon's minimum
   attack delay (0.6) is reached at skill level 12.
   rElec:     It insulates you from electricity.
   rPois:     It protects you from poison.
   Stlth:     It makes you more stealthy.
   It falls into the 'Staves' category.
   It is a one-handed weapon.
Jewellery
 g - a ring of positive energy
 v - a +6 ring of intelligence (left hand)
 I - an amulet of magic regeneration (around neck)
 P - a ring of fire
 S - a +6 ring of intelligence (right hand)
 T - a +5 ring of evasion
Wands
 o - a wand of light (23)
 p - a wand of flame (26)
 w - a wand of digging (9)
 B - a wand of roots (7)
 E - a wand of mindburst (21)
 O - a wand of charming (21)
Scrolls
 b - 6 scrolls of teleportation
 s - 4 scrolls of vulnerability
 y - 3 scrolls of magic mapping
 C - 3 scrolls of blinking
 L - 5 scrolls of poison
 M - 4 scrolls of enchant weapon
 Q - 12 scrolls of identify
 R - 4 scrolls of fog
 U - 4 scrolls of immolation
 V - 2 scrolls of amnesia
 W - 3 scrolls of fear
 Z - 3 scrolls of torment
Potions
 d - 2 potions of berserk rage
 e - 6 potions of mutation
 i - 2 potions of resistance
 j - 4 potions of flight
 k - 5 potions of invisibility
 l - 5 potions of lignification
 m - 14 potions of curing
 n - 3 potions of attraction
 r - 5 potions of heal wounds
 t - 4 potions of ambrosia
 u - 4 potions of degeneration
 z - 3 potions of cancellation
 A - 2 potions of brilliance
 D - a potion of might
 J - a potion of magic
 X - 3 potions of haste
Miscellaneous
 c - a box of beasts
 G - a phial of floods
 K - a tin of tremorstones (2/2)


   Skills:
 - Level 10.0 Fighting
 - Level 12.0 Staves
 - Level 10.0 Dodging
 - Level 1.7 Stealth
 - Level 5.3 Shields
 + Level 10.1 Spellcasting
 + Level 6.2 Conjurations
 - Level 6.0 Fire Magic
 + Level 15.0 Air Magic
 - Level 10.0 Evocations


You had 6 spell levels left.
You knew the following spells:

 Your Spells              Type           Power      Damage    Failure   Level
a - Shock                 Conj/Air       100%       1d9       1%          1
b - Static Discharge      Conj/Air       100%       2-7/arc   1%          2
c - Swiftness             Air            100%       N/A       0%          3
d - Airstrike             Air            59%        2d(9-25)  1%          4
e - Plasma Beam           Fire/Air       51%        2x1d72    1%          6
f - Freezing Cloud        Conj/Ice/Air   43%        6-21      1%          5
g - Sublimation of Blood  Necr           20%        N/A       3%          2
h - Conjure Ball Lightni  Conj/Air       51%        3x3d18    1%          6

Your spell library contained the following spells:

 Spells                   Type           Power      Damage    Failure   Level
 Ozocubu's Refrigeration  Ice            10%        4d9       99%         7
 Foxfire                  Conj/Fire      100%       2x1d9     1%          1
 Magic Dart               Conj           100%       1d8       1%          1
 Poisonous Vapours        Pois/Air       100%       N/A       1%          2
 Scorch                   Fire           100%       2d9       1%          2
 Dazzling Flash           Conj/Hex       90%        N/A       1%          3
 Mephitic Cloud           Conj/Pois/Air  86%        N/A       1%          3
 Vhi's Electric Charge    Tloc/Air       100%       N/A       1%          3
 Volatile Blastmotes      Fire/Tloc      88%        2d17      1%          3
 Flame Wave               Conj/Fire      62%        2d14      1%          4
 Fulminant Prism          Conj/Hex       22%        3d12      1%          4
 Iskenderun's Mystic Bla  Conj/Tloc      45%        2d10      1%          4
 Summon Lightning Spire   Summ/Air       88%        N/A       1%          4
 Arcjolt                  Conj/Air       51%        1d61      1%          5
 Beastly Appendage        Tmut           40%        N/A       2%          1
 Slow                     Hex            80%        N/A       2%          1
 Sting                    Tmut/Pois      80%        1d7       2%          1
 Call Imp                 Summ           40%        N/A       3%          2
 Wereblood                Tmut           20%        N/A       3%          2
 Olgreb's Toxic Radiance  Pois           20%        N/A       7%          4
 Confusing Touch          Hex            20%        N/A       8%          3
 Spider Form              Tmut/Pois      20%        N/A       8%          3
 Vampiric Draining        Necr           20%        2d7       8%          3
 Starburst                Conj/Fire      31%        6d9       9%          6
 Animate Armour           Summ/Erth      40%        N/A       26%         4
 Animate Dead             Necr           20%        N/A       26%         4
 Cause Fear               Hex            10%        N/A       26%         4
 Manifold Assault         Tloc           20%        N/A       26%         4
 Iron Shot                Conj/Erth      22%        9d5       28%         6
 Blade Hands              Tmut           10%        N/A       56%         5
 Borgnjor's Vile Clutch   Necr/Erth      10%        N/A       56%         5
 Death Channel            Necr           10%        N/A       98%         6
 Dispersal                Tloc           10%        N/A       98%         6
 Summon Cactus Giant      Summ           10%        N/A       98%         6
 Dragon Form              Tmut           10%        N/A       100%        7
 Summon Hydra             Summ           10%        N/A       100%        7
 Disjunction              Tloc           10%        N/A       100%        8
 Dragon's Call            Summ           10%        N/A       100%        9


Dungeon Overview and Level Annotations

Branches:
Dungeon (15/15)            Temple (1/1) D:7            Lair (5/5) D:9
  Swamp (0/4) Lair:2       Spider (0/4) Lair:2        Slime (0/5) Lair:4
    Orc (2/2) D:12            Elf (0/3) Orc:2        Vaults (0/5) D:13
 Bailey (visited)         Volcano (visited)
 Depths: D:15

Altars:
Ashenzari
Cheibriados
Dithmenos
Fedhas
Gozag
Hepliaklqana
Kikubaaqudgha
Makhleb
Nemelex Xobeh
Okawaru
Qazlal
Ru
Sif Muna
Trog
Vehumet
Wu Jian
Xom
Yredelemnul
Jiyva

Shops:
D:1 (   D:4 :   D:13 (   Orc:2 =*[*

Portals:
Pandemonium: Orc:2

Annotations:
D:8 4 transporters
D:9 6 runed translucent doors
D:13 2 runed translucent doors, Ahpoh's ghost, journeyman VSFi


Innate Abilities, Weirdness & Mutations

You are mostly covered in rugged brown scales. (AC +2, +5% HP)
You are completely covered in sharp spines.
You are resistant to unholy torment.
When hurt, damage is shared between your health and your magic reserves.
You regenerate magic rapidly.
You punish those that try to bend your will. (Will+)
Your touch may inflict irresistible damage on your foes.
You possess an exceptional clarity of mind.
Your mind is acute. (Int +4, Str/Dex -1)


Message History

Aim: Jorgrun, wielding a staff of earth and wearing a +0 robe (freezing vapour, almost dead, empty space bonus: 8/8)
You feel a surge of power!
The air twists around and strikes Jorgrun!
You kill Jorgrun!
Vehumet accepts your kill.
You feel your power returning.
Your Shields skill increases to level 5!
A death knight comes into view. It is wielding a +0 heavy battleaxe.
You regained 2 mp, and now have 6/30 mp.
Casting: Airstrike (safe; 1% risk of failure)
Confirm with . or Enter, or press ? or * to list all spells.
You feel a surge of power!
You create some ball lightning!
The death knight shouts! 3 ball lightnings come into view.
The death knight offers itself to Yredelemnul, and fills with unholy energy.
You now have 0/30 mp.
Your ball lightning explodes!
The blast of lightning engulfs you! You resist.
The blast of lightning engulfs your ball lightning.
Your ball lightning completely resists.
The blast of lightning engulfs your ball lightning.
Your ball lightning completely resists.
The blast of lightning engulfs the death knight.
The death knight is lightly wounded.
The death knight reflects your damage back at you!
Your ball lightning explodes!
The blast of lightning engulfs your ball lightning.
Your ball lightning completely resists.
The blast of lightning engulfs you! You resist.
The blast of lightning engulfs the death knight!!
The death knight is heavily wounded.
The death knight reflects your damage back at you!
* * * LOW HITPOINT WARNING * * *
Your ball lightning explodes!
The blast of lightning engulfs you. You resist.
* * * LOW HITPOINT WARNING * * *
The blast of lightning engulfs the death knight!!
The death knight is almost dead.
The death knight reflects your damage back at you!
You die...

#.....# #. ######.....#
#####..........#
...............# .
.........(.....# ###..
...............# #....
...............#####....
......§§...###..........
.......@####.#..........
........'....#...######.
.....p###....###.# #.
...... ....§.#.# #.
...... ..§§§.#.# #.
..... ...§§.#.# #. .....
....§.#.######. ....
.....§#........
....###........


You could see a death knight (reflects damage).

Vanquished Creatures
  Jorgrun (D:15)
  An orc warlord (Orc:2)
  2 dire elephants
  The ghost of LobsterGuardian the Jinx, a journeyman SpEn of Hepliaklqana (Lair:5)
  Josephine (Orc:1)
  Erolcha (Orc:2)
  7 hydras
  An ogre mage (D:11)
  A death knight (D:15)
  2 demonspawn (Orc:2)
  6 centaur warriors
  2 catoblepae (Lair:5)
  Erica (D:8)
  5 boulder beetles
  17 death yaks
  5 two-headed ogres
  2 tengu warriors (D:13)
  A deep troll shaman (Lair:5)
  9 orc high priests
  A sun demon (Orc:2)
  Nergalle (D:10)
  A deep elf knight (D:12)
  A sixfirhy (Orc:2)
  2 fire crabs
  Lodul (D:13)
  3 skeletal warriors (D:14)
  A bog body (Lair:2)
  A lindwurm (Volcano)
  A deep elf zephyrmancer (D:12)
  A deep elf archer (D:12)
  7 orc knights
  5 necromancers
  2 wizards
  2 deep elf pyromancers
  An oklob plant (Lair:2)
  10 orc sorcerers
  4 ugly things
  6 cyclopes
  A wolf spider (Lair:3)
  5 manticores
  20 elephants
  9 black mambas
  2 gargoyles
  15 cane toads
  3 torpor snails
  4 unseen horrors
  A rime drake (Lair:4)
  A yaktaur (D:11)
  A kobold demonologist (D:11)
  8 komodo dragons
  A queen bee (D:11)
  9 trolls
  8 polar bears
  Prince Ribbit (Lair:2)
  25 blink frogs
  4 dream sheep (Lair:3)
  A polar bear (shapeshifter) (D:12)
  2 hornets (Lair:5)
  A jumping spider (D:9)
  11 slime creatures
  Sigmund (D:4)
  2 spriggans (Lair:5)
  2 centaur simulacra
  3 ynoxinuls (Orc:2)
  3 vampires
  2 shadows
  27 yaks
  A culicivora (Lair:2)
  Grum (Lair:1)
  3 basilisks
  A water elemental (D:12)
  13 fire bats (Volcano)
  6 wyverns
  A steam dragon (D:7)
  9 wraiths
  A redback (D:9)
  13 vampire mosquitoes
  Edmund (D:4)
  4 acid dragons
  3 wargs
  A naga (shapeshifter) (D:11)
  3 hell hounds (Volcano)
  18 water moccasins
  Duvessa (D:4)
  45 orc warriors
  A black bear (shapeshifter) (D:13)
  A sky beast (shapeshifter) (D:12)
  2 sky beasts
  2 swamp drakes (Lair:3)
  3 ice beasts
  16 ogres
  4 black bears
  11 centaurs
  A boggart (Lair:5)
  18 wolves
  3 kobold brigands
  Blork the orc (D:5)
  16 bullfrogs
  2 gnoll sergeants
  3 cyclops zombies (Orc:1)
  4 scorpions
  A two-headed ogre simulacrum (Orc:1)
  8 wights
  Dowan (D:4)
  40 killer bees
  3 electric eels
  6 howler monkeys
  A crimson imp (D:9)
  7 hounds
  6 lava snakes (Volcano)
  22 orc priests
  3 jellies
  Ijyb (D:3)
  A cyclops simulacrum (Orc:1)
  Jessica (D:3)
  Natasha (twice) (D:2)
  2 iguanas
  13 orc wizards
  5 hell rats (Lair:5)
  An ogre skeleton (Orc:1)
  Robin (D:3)
  6 adders
  20 gnolls
  7 river rats (D:6)
  2 orc skeletons (Orc:1)
  An orc zombie (Orc:1)
  A white imp (D:7)
  An orc simulacrum (Orc:1)
  An ufetubus (D:4)
  A gnoll zombie (Orc:1)
  2 dart slugs
  118 orcs
  6 endoplasms
  4 giant cockroaches
  12 goblins
  5 hobgoblins
  3 jackals (D:2)
  10 quokkas
  6 ball pythons
  7 bats
  6 frilled lizards
  18 kobolds
  21 rats
886 creatures vanquished.

Vanquished Creatures (others)
  3 ball lightnings (D:15)
  2 fulminant prisms (D:11)
  27 fungi
  123 plants
155 creatures vanquished.

Grand Total: 1041 creatures vanquished

Notes
Turn   | Place    | Note
-------+----------+-------------------------------------------
     0 | D:1      | jasper the Demonspawn Air Elementalist began the quest for
                  | the Orb.
     0 | D:1      | Reached XP level 1. HP: 13/13 MP: 3/3
   181 | D:1      | Gained mutation: You are partially covered in sharp spines.
                  | [demonic ancestry]
   181 | D:1      | Reached XP level 2. HP: 19/19 MP: 1/5
   203 | D:1      | Learned a level 2 spell: Static Discharge
   800 | D:1      | Found Doxti's Weapon Boutique.
   907 | D:2      | Gained mutation: You regenerate magic rapidly. [demonic
                  | ancestry]
   907 | D:2      | Reached XP level 3. HP: 24/24 MP: 4/6
   911 | D:2      | Learned a level 3 spell: Swiftness
   965 | D:2      | Found a snail-covered altar of Cheibriados.
  1569 | D:2      | Noticed Natasha
  1579 | D:2      | Killed Natasha
  1580 | D:2      | Gained mutation: You are mostly covered in sharp spines.
                  | [demonic ancestry]
  1580 | D:2      | Reached XP level 4. HP: 19/30 MP: 4/7
  1712 | D:2      | Noticed Natasha
  1720 | D:2      | Killed Natasha
  1721 | D:2      | Reached skill level 3 in Air Magic
  2130 | D:2      | Found a faded altar of an unknown god.
  2401 | D:3      | Gained mutation: You are completely covered in sharp
                  | spines. [demonic ancestry]
  2401 | D:3      | Reached XP level 5. HP: 24/35 MP: 3/8
  2447 | D:3      | Found a broken altar of Ashenzari.
  2494 | D:3      | Reached skill level 4 in Air Magic
  2575 | D:3      | Gained mutation: Your touch may inflict minor irresistible
                  | damage on your foes. [demonic ancestry]
  2575 | D:3      | Reached XP level 6. HP: 41/41 MP: 5/9
  2692 | D:3      | Noticed Robin
  2695 | D:3      | Killed Robin
  2696 | D:3      | Reached skill level 5 in Conjurations
  2931 | D:3      | Noticed Jessica
  2933 | D:3      | Killed Jessica
  3168 | D:3      | Noticed Ijyb
  3177 | D:3      | Killed Ijyb
  3439 | D:4      | Reached skill level 5 in Air Magic
  3501 | D:4      | Gained mutation: You are partially covered in rugged brown
                  | scales. (AC +1, +3% HP) [demonic ancestry]
  3501 | D:4      | Reached XP level 7. HP: 31/47 MP: 1/10
  3569 | D:4      | Found a blossoming altar of Fedhas.
  3632 | D:4      | Found Ibamymak's Self-Improvement Boutique.
  3646 | D:4      | Noticed Dowan
  3647 | D:4      | Noticed Duvessa
  3663 | D:4      | Killed Duvessa
  3664 | D:4      | Reached skill level 6 in Air Magic
  3666 | D:4      | Killed Dowan
  3818 | D:4      | Noticed Edmund
  3829 | D:4      | Killed Edmund
  4014 | D:4      | Reached skill level 1 in Fighting
  4034 | D:4      | Noticed Sigmund
  4057 | D:4      | Killed Sigmund
  4058 | D:4      | Gained mutation: Your touch may inflict irresistible damage
                  | on your foes. [demonic ancestry]
  4058 | D:4      | Reached XP level 8. HP: 22/55 MP: 2/11
  4170 | D:4      | Found a bloodstained altar of Trog.
  4181 | D:4      | Found a shimmering blue altar of Sif Muna.
  4185 | D:4      | Got Sif Muna's Tome of Scintillating Astrapomancy
  4191 | D:4      | Learned a level 4 spell: Airstrike
  4469 | D:5      | Entered Level 5 of the Dungeon
  4645 | D:5      | Reached skill level 7 in Air Magic
  4907 | D:5      | Noticed Blork the orc
  4917 | D:5      | Killed Blork the orc
  5059 | D:5      | Identified the +11 mace "Killer Klown's Death" {antimagic,
                  | +Blink rC+ Int+3}
  5650 | D:6      | Reached XP level 9. HP: 60/65 MP: 5/14
  5702 | D:6      | Reached skill level 8 in Air Magic
  5707 | D:6      | Noticed a gargoyle
  5715 | D:6      | Gained mutation: You are occasionally teleported next to
                  | monsters. [potion of mutation]
  5715 | D:6      | Gained mutation: You occasionally lose the ability to drink
                  | potions when taking damage. [potion of mutation]
  5716 | D:6      | Lost mutation: You occasionally lose the ability to drink
                  | potions when taking damage. [potion of mutation]
  5716 | D:6      | Lost mutation: You are occasionally teleported next to
                  | monsters. [potion of mutation]
  5716 | D:6      | Gained mutation: Your mind is acute. (Int +4, Str/Dex -1)
                  | [potion of mutation]
  5716 | D:6      | Gained mutation: You possess an exceptional clarity of
                  | mind. [potion of mutation]
  6083 | D:6      | Killed a gargoyle
  6185 | D:6      | Noticed a troll
  6192 | D:6      | Killed a troll
  6362 | D:6      | Reached skill level 9 in Air Magic
  6823 | D:6      | Reached skill level 5 in Spellcasting
  6861 | D:6      | You fall into a shaft and drop 2 floors!
  6880 | D:7      | Reached skill level 5 in Dodging
  6931 | D:7      | Reached skill level 5 in Fighting
  6931 | D:7      | Gained mutation: When hurt, damage is shared between your
                  | health and your magic reserves. [demonic ancestry]
  6931 | D:7      | Reached XP level 10. HP: 76/76 MP: 5/17
  7232 | D:7      | Found a staircase to the Ecumenical Temple.
  7237 | Temple   | Entered the Ecumenical Temple
  7348 | Temple   | Became a worshipper of Vehumet
  7422 | D:7      | Found an ancient bone altar of Kikubaaqudgha.
  7453 | D:7      | Found a flagged portal.
  7464 | Bailey   | Entered a bailey
  8306 | Bailey   | Noticed an orc knight
  8340 | Bailey   | Killed an orc knight
  8424 | Bailey   | Identified the staff of air "Woaciptian" {rElec rPois
                  | Stlth+}
  8427 | Bailey   | Reached XP level 11. HP: 82/82 MP: 19/19
  8831 | D:7      | Reached * piety under Vehumet
  8831 | D:7      | Offered knowledge of Magic Dart by Vehumet.
  8839 | D:7      | Found a snail-covered altar of Cheibriados.
  9293 | D:6      | Found an opulent altar of Gozag.
  9460 | D:8      | Reached skill level 10 in Air Magic
  9477 | D:8      | Found a transporter.
  9555 | D:8      | Found a transporter.
  9650 | D:8      | Found a transporter.
  9682 | D:8      | Found a transporter.
  9751 | D:8      | Got the Cyclopedia of Fey Sidekicks
  9857 | D:8      | Found a shimmering altar of Xom.
 10115 | D:8      | Found a burning altar of Makhleb.
 10262 | D:8      | Noticed Erica
 10274 | D:8      | Killed Erica
 10606 | D:9      | Reached ** piety under Vehumet
 10606 | D:9      | Offered knowledge of Kiss of Death by Vehumet.
 11142 | D:9      | Found a staircase to the Lair.
 11343 | D:9      | Noticed a wizard
 11345 | D:9      | Killed a wizard
 11672 | D:10     | Entered Level 10 of the Dungeon
 11676 | D:10     | Gained mutation: You are mostly covered in rugged brown
                  | scales. (AC +2, +5% HP) [demonic ancestry]
 11676 | D:10     | Reached XP level 12. HP: 85/93 MP: 21/21
 11677 | D:10     | Offered knowledge of Ignite Poison by Vehumet.
 11918 | D:9      | Found a runed translucent door.
 11930 | D:9      | Reached *** piety under Vehumet
 11973 | D:9      | Found a runed translucent gate.
 11974 | D:9      | Noticed a boulder beetle
 11974 | D:9      | Noticed a boulder beetle
 11975 | D:9      | Found a runed translucent gate.
 11976 | D:9      | Found a runed translucent gate.
 11976 | D:9      | Found a runed translucent gate.
 11976 | D:9      | Found a runed translucent gate.
 11976 | D:9      | Identified the +1 hat of Thoughtfulness {Harm Rampage Drain
                  | rPois}
 11978 | D:9      | Found a runed translucent gate.
 12148 | D:10     | Noticed Nergalle
 12158 | D:10     | Killed Nergalle
 12159 | D:10     | Reached skill level 11 in Air Magic
 12581 | D:10     | Reached skill level 1 in Evocations
 12841 | D:10     | Found an iron altar of Okawaru.
 12905 | D:11     | Offered knowledge of Fulminant Prism by Vehumet.
 12925 | D:11     | Learned a level 4 spell: Fulminant Prism
 13035 | D:11     | Noticed an ogre mage
 13040 | D:11     | Killed an ogre mage
 13121 | D:11     | Noticed a boulder beetle
 13151 | D:11     | Reached **** piety under Vehumet
 13236 | D:11     | Offered knowledge of Freezing Cloud by Vehumet.
 13246 | D:11     | Learned a level 5 spell: Freezing Cloud
 13279 | D:11     | Reached skill level 5 in Evocations
 13390 | D:11     | Identified the staff of cold "Dawniucy" {rF- rC+ Dex+5}
 13390 | D:11     | Noticed a centaur warrior
 13397 | D:11     | Killed a centaur warrior
 13398 | D:11     | Reached skill level 10 in Staves
 13400 | D:11     | Noticed a centaur warrior
 13641 | D:11     | Killed a centaur warrior
 13990 | D:11     | Noticed a centaur warrior
 13993 | D:11     | Noticed a two-headed ogre
 13994 | D:11     | Killed a centaur warrior
 14010 | D:11     | Killed a two-headed ogre
 14213 | D:11     | Gained mutation: You punish those that try to bend your
                  | will. (Will+) [demonic ancestry]
 14213 | D:11     | Reached XP level 13. HP: 74/99 MP: 7/22
 14481 | Lair:1   | Entered Level 1 of the Lair of Beasts
 14483 | Lair:1   | Reached ***** piety under Vehumet
 14699 | Lair:1   | Offered knowledge of Iron Shot by Vehumet.
 15634 | Lair:1   | Noticed Grum
 15642 | Lair:1   | Killed Grum
 16516 | Lair:2   | Noticed Prince Ribbit
 16537 | Lair:2   | Killed Prince Ribbit
 16856 | Lair:2   | Found a staircase to the Swamp.
 17019 | Lair:2   | Found a hole to the Spider Nest.
 17376 | Lair:2   | Found a broken altar of Ashenzari.
 17605 | Lair:3   | Reached skill level 10 in Evocations
 17804 | Lair:3   | Found a dark tunnel.
 17811 | Volcano  | Entered a volcano
 18288 | Volcano  | Found a burning altar of Makhleb.
 18380 | Volcano  | Found the +2 pair of slick slippers {slick, slippery, EV+4}
 18419 | Volcano  | Found a bloodstained altar of Trog.
 18574 | Lair:3   | Reached XP level 14. HP: 110/110 MP: 14/23
 18691 | Lair:3   | Identified the +6 quarterstaff "Mehupsuh" {drain, Fly Str+5
                  | Int-4}
 18743 | Lair:3   | Offered knowledge of Sticky Flame by Vehumet.
 19431 | Lair:3   | Identified the +8 spear "Giohilao" {venom, *Slow rC+
                  | Stlth+}
 19633 | Lair:4   | Identified the +2 rapier "Killer Bee's Regret" {pain,
                  | Dex+2}
 20198 | Lair:4   | Found a staircase to the Slime Pits.
 20198 | Lair:4   | Found a viscous altar of Jiyva.
 20693 | Lair:5   | Entered Level 5 of the Lair of Beasts
 20718 | Lair:4   | Reached skill level 10 in Fighting
 20864 | Lair:5   | Found a runed translucent door.
 20867 | Lair:5   | Identified the +6 trident "Lusog" {heavy, +Blink}
 20867 | Lair:5   | Noticed LobsterGuardian's ghost (journeyman SpEn)
 21084 | Lair:5   | Reached skill level 10 in Dodging
 21933 | Lair:5   | Reached skill level 12 in Air Magic
 22076 | Lair:5   | Gained mutation: You are resistant to unholy torment.
                  | [demonic ancestry]
 22076 | Lair:5   | Reached XP level 15. HP: 114/120 MP: 3/27
 22213 | Lair:5   | Offered knowledge of Plasma Beam by Vehumet.
 22260 | Lair:5   | Learned a level 6 spell: Plasma Beam
 22265 | Lair:5   | Identified the +0 plate armour of Honour {Dex+3}
 22939 | Lair:5   | Killed LobsterGuardian's ghost
 23727 | D:11     | Learned a level 2 spell: Sublimation of Blood
 23807 | D:12     | Found a staircase to the Orcish Mines.
 24803 | D:12     | Offered knowledge of Spellforged Servitor by Vehumet.
 24850 | D:12     | Reached skill level 13 in Air Magic
 25286 | D:12     | Reached skill level 10 in Spellcasting
 25671 | Orc:1    | Entered Level 1 of the Orcish Mines
 25869 | Orc:1    | Noticed Josephine
 25871 | Orc:1    | Killed Josephine
 25872 | Orc:1    | Reached skill level 14 in Air Magic
 26158 | Orc:1    | Reached ****** piety under Vehumet
 26234 | Orc:1    | Offered knowledge of Conjure Ball Lightning by Vehumet.
 26242 | Orc:1    | Learned a level 6 spell: Conjure Ball Lightning
 26514 | Orc:2    | Entered Level 2 of the Orcish Mines
 26518 | Orc:2    | Noticed Erolcha
 26522 | Orc:2    | Killed Erolcha
 27275 | Orc:2    | Found Efunyghe's General Store.
 27301 | Orc:2    | Found Sataniupt's General Store.
 27356 | Orc:2    | Bought a potion of curing for 42 gold pieces
 27356 | Orc:2    | Bought a potion of curing for 42 gold pieces
 27385 | Orc:2    | Reached skill level 15 in Air Magic
 27542 | Orc:2    | Found a staircase to the Elven Halls.
 27674 | Orc:2    | Reached skill level 1 in Fire Magic
 27674 | Orc:2    | Reached XP level 16. HP: 128/128 MP: 23/30
 27674 | Orc:2    | Offered knowledge of Iskenderun's Battlesphere by Vehumet.
 27968 | Orc:2    | Found Yzierre's Jewellery Boutique.
 27968 | Orc:2    | Found Pinymoru's Antique Armour Shop.
 27969 | Orc:2    | Found a one-way gate leading to the halls of Pandemonium.
 27975 | Orc:2    | Reached skill level 5 in Fire Magic
 28006 | Orc:2    | Bought a slimy robe for 125 gold pieces
 28006 | Orc:2    | Identified the +0 robe of Untruth {rElec Dex-2 SInv} (You
                  | bought it in a shop on level 2 of the Orcish Mines)
 28335 | D:13     | Found a gate to the Vaults.
 28383 | D:13     | Noticed Lodul
 28388 | D:13     | Killed Lodul
 28533 | D:13     | Found a runed translucent door.
 28580 | D:13     | Noticed Ahpoh's ghost (journeyman VSFi)
 28665 | D:13     | Noticed a lich
 28672 | D:13     | Found a runed translucent door.
 28680 | D:13     | Found Xuolac's Weapon Boutique.
 28728 | D:13     | Reached skill level 1 in Shields
 29645 | D:15     | Entered Level 15 of the Dungeon
 29774 | D:15     | Offered knowledge of Ozocubu's Refrigeration by Vehumet.
 29951 | D:15     | Noticed Jorgrun
 29958 | D:15     | Killed Jorgrun
 29959 | D:15     | Reached skill level 5 in Shields
 29962 | D:15     | Killed by mirror damage

Illustrated notes

Levels and vault maps discovered:
D:1:      beargit_arrival_greenhouse, layout_basic, serial_shops, shop
D:2:      layout_basic, basic_altar, shapermc_ecumenical_altar_hornbeckon,
          uniq_natasha
D:3:      layout_loops_ring, nicolae_ashenzari_panopticon, uniq_robin,
          uniq_jessica, uniq_ijyb
D:4:      nicolae_cairo_tiling_large, layout_rooms, amcnicky_altar_gilded,
          nzn_overflow_gifts_of_might_and_magic, nicolae_shop_self_help,
          uniq_edmund, uniq_duvessa, uniq_sigmund
D:5:      layout_basic, lexackson_kobold_supper, uniq_blork_the_orc
D:6:      lemuel_ratsnest, layout_basic, nicolae_gozag_seed_capital, kb_rosetta
D:7:      layout_layer_cave, nicolae_kikubaaqudgha_miasma_corner,
          mainiacjoe_overflow_chevrons, temple_doors_e,
          lightli_bailey_entry_fortress, serial_glass, glass_columns_b,
          glass_columns_b, glass_columns_a, glass_columns_c, glass_columns_a,
          glass_columns_b, feat_on_display
D:8:      layout_layer_cave, mainiacjoe_overflow_tiny_flanked,
          kennysheep_mini_moat, nicolae_transporter_circle, uniq_erica
D:9:      gammafunk_indiana_jones, layout_small_grid, minmay_lair_entry_grove,
          lightli_wizard_tower
D:10:     layout_basic, hellmonk_okawaru_the_only_friend_you_need, uniq_nergalle
D:11:     regret_index_wax_grids, layout_basic, portal_ice_cave_entry_pillars_2,
          minmay_pinched_square
D:12:     layout_basic, david_orc_5, serial_glass, glass_columns_a,
          glass_columns_c, minmay_the_grid_2x2 [minmay_the_grid_rooms,
          minmay_the_grid_diamond_grid, minmay_the_grid_stretched_grid,
          minmay_the_grid_prize_four_corners]
D:13:     layout_roguey, david_vaults_1, serial_shops, nicolae_lakefront_shop,
          muffindrake_ghost_dual_entry, uniq_lodul
D:14:     layout_rooms, minivault_27
D:15:     hangedman_depths_entry_try_elsewhere_first, layout_irregular_city,
          zin_angel, nrook_campfire, uniq_jorgrun
Temple:   hellmonk_temple_flake
Lair:1:   layout_layer_cave, uniq_grum
Lair:2:   layout_regular_city, skrybe_swamp_entry_bodies,
          spider_nest_entry_rubble, basic_altar, gammafunk_lair_bear_cave,
          grunt_megastairs_3, lemuel_fruit_tree, uniq_prince_ribbit2
Lair:3:   nzn_winding_woodlands_small [nzn_winding_woodlands_5x15_pockets,
          nzn_winding_woodlands_center_lodge,
          nzn_winding_woodlands_5x15_split_checker], layout_regular_city,
          enter_volcano_1, serial_bayou_lagoon_a, pond
Lair:4:   layout_regular_city, slime_entry_1
Lair:5:   grunt_lair_end_beastmaster, layout_cave_shapes,
          ebering_ghost_funeral_grove, grunt_megastairs_5
Orc:1:    dreamdust_under_siege, layout_caves, kennysheep_orc_chapel,
          uniq_josephine
Orc:2:    pf_orc_diabolical, layout_caves, uniq_erolcha

Skill      XL: |  1  2  3  4  5  6  7  8  9 10 11 12 13 14 15 16 |
---------------+-------------------------------------------------+-----
Conjurations   | 2 3 4 5 6 |  6.2
Air Magic      | 3 4 5 6 7 9 10 11 12 15 | 15.0
Dodging        | 2 3 5 6 7 10 | 10.0
Fighting       | 1 3 5 6 8 10 | 10.0
Spellcasting   | 3 5 6 8 10 | 10.1
Staves         | 8 10 12 | 12.0
Evocations     | 7 10 | 10.0
Fire Magic     | 1 6 |  6.0
Shields        | 5 |  5.3
Stealth        | |  1.7

Action                     |  1- 3 |  4- 6 |  7- 9 | 10-12 | 13-15 | 16-18 || total
---------------------------+-------+-------+-------+-------+-------+-------++-------
  Melee: Mace              |    14 |    10 |    16 |       |       |       ||    40
         Punch             |     1 |     1 |       |     3 |     4 |       ||     9
         Touch             |       |     1 |     1 |    12 |    41 |       ||    55
         Staff             |       |       |       |    69 |   187 |     4 ||   260
   Fire: Arbalest          |       |       |       |    18 |       |       ||    18
   Cast: Shock             |    71 |   109 |   188 |   168 |    78 |       ||   614
         Static Discharge  |       |     4 |    17 |    47 |    49 |       ||   117
         Airstrike         |       |       |    32 |   155 |   257 |     1 ||   445
         Fulminant Prism   |       |       |       |     2 |       |       ||     2
         Swiftness         |       |       |       |     1 |     2 |       ||     3
         Freezing Cloud    |       |       |       |       |   146 |    20 ||   166
         Plasma Beam       |       |       |       |       |   113 |    97 ||   210
         Conjure Ball Ligh |       |       |       |       |       |     1 ||     1
  Evoke: Wand              |       |       |     2 |     3 |       |       ||     5
         Tin of tremorston |       |       |       |     2 |     4 |       ||     6
    Use: Scroll            |     4 |     2 |     7 |     7 |    10 |       ||    30
         Potion            |       |     1 |     3 |     2 |       |       ||     6
   Stab: Sleeping          |       |       |       |       |     2 |       ||     2
 Armour: Robe              |     8 |     2 |     9 |    34 |    41 |     1 ||    95
         Skin              |       |       |       |     2 |       |       ||     2
  Dodge: Dodged            |    19 |    17 |    52 |   164 |   181 |    19 ||   452

Table legend: (Time is in decaauts)
 A = Elapsed time spent in this place.
 B = Non-inter-level travel time spent in this place.
 C = Inter-level travel time spent in this place.
 D = Time resting spent in this place.
 E = Time spent auto-exploring this place.
 F = Levels seen in this place.
 G = Mean time per level.
                   A        B        C        D        E       F      G
               +--------+--------+--------+--------+--------+-----+--------+
         Total |  29977 |  28922 |   1055 |   2286 |  22509 |  25 | 1199.1 |
       Dungeon |  17852 |  17146 |    706 |   1242 |  13450 |  15 | 1190.1 |
        Temple |    120 |    112 |      8 |      0 |     95 |   1 |  120.0 |
          Lair |   8004 |   7775 |    229 |    448 |   6401 |   5 | 1600.8 |
  Orcish Mines |   2386 |   2275 |    111 |    318 |   1496 |   2 | 1193.0 |
        Bailey |    986 |    986 |      0 |    175 |    634 |   1 |  986.0 |
       Volcano |    626 |    626 |      0 |    103 |    432 |   1 |  626.0 |
               +--------+--------+--------+--------+--------+-----+--------+

Top non-repeatable levels by time:
  Lair:5: 2182 daAuts
    D:12: 1944 daAuts
    D:11: 1916 daAuts
  Lair:1: 1868 daAuts
     D:6: 1748 daAuts
  Lair:3: 1438 daAuts
     D:2: 1387 daAuts
   Orc:2: 1355 daAuts
     D:9: 1351 daAuts
  Lair:2: 1271 daAuts
    D:10: 1266 daAuts
  Lair:4: 1243 daAuts
     D:3: 1201 daAuts
     D:7: 1155 daAuts
     D:8: 1125 daAuts
